 Dungeon Crawl Stone Soup version 0.20.1-1-g8b1a95d (webtiles) character file.

159 pstr the Digger (level 5, -11/28 HPs)
             Began as a Kobold Earth Elementalist on Dec 3, 2017.
             Mangled by othur's ghost (14 damage)
             ... on level 3 of the Dungeon.
             The game lasted 00:12:54 (3387 turns).

pstr the Digger (Kobold Earth Elementalist)         Turns: 3387, Time: 00:12:56

Health: -11/28     AC:  2    Str:  5    XL:     5   Next: 68%
Magic:  6/10       EV: 16    Int: 17    God:
Gold:   146        SH:  4    Dex: 16    Spells: 5/11 levels left

rFire    + . .     SeeInvis .   (weapon restricted)
rCold    . . .     Gourm    .   (shield restricted)
rNeg     . . .     Faith    .   c - +0 robe
rPois    .         Spirit   .   (no helmet)
rElec    .         Reflect  +   (no cloak)
rCorr    .         Harm     .   (no gloves)
MR       .....                  (no boots)
Stlth    +++.......             q - +4 amulet of reflection
Regen    0.1/turn               f - ring of protection from fire
MPRegen  0.2/turn               x - ring of wizardry

@: no status effects
A: carnivore 3
a: no special abilities


You were on level 3 of the Dungeon.
You were completely stuffed.

You visited 1 branch of the dungeon, and saw 3 of its levels.

You collected 146 gold pieces.

Inventory:

Hand Weapons
 m - a +0 short sword
Missiles
 b - 54 stones (quivered)
Armour
 c - a +0 robe (worn)
 i - a +0 leather armour
 u - a +0 helmet
 v - a +0 leather armour
Jewellery
 f - a ring of protection from fire (left hand)
 q - a +4 amulet of reflection (around neck)
 x - a ring of wizardry (right hand)
Wands
 A - a wand of random effects (17/48)
Scrolls
 g - a scroll of random uselessness {unknown}
 j - 3 scrolls of identify {unknown}
 l - a scroll of enchant weapon {unknown}
 p - a scroll of blinking {unknown}
 s - a scroll of remove curse {unknown}
 y - a scroll of teleportation {unknown}
 z - a scroll of amnesia {unknown}
Potions
 a - a potion of curing
 h - a potion of haste {unknown}
 k - a potion of cancellation {unknown}
 n - a potion of brilliance {unknown}
 o - a potion of mutation {unknown}
 r - a potion of might {unknown}
 B - a potion of agility
Books
 e - a book of Geomancy

   Spells                             Type                      Level
   a - Sandblast                      Earth                        1
   b - Passwall                       Transmutation/Earth          2
   c - Stone Arrow                    Conjuration/Earth            3
   d - Petrify                        Transmutation/Earth          4
   e - Lee's Rapid Deconstruction     Earth                        5
Comestibles
 d - a meat ration
 t - a royal jelly


   Skills:
 + Level 3.0 Dodging
 + Level 3.4 Stealth
 + Level 3.9 Spellcasting
 + Level 0.4 Conjurations
 + Level 1.0 Transmutations
 + Level 4.2 Earth Magic


You had 5 spell levels left.
You knew the following spells:

 Your Spells              Type           Power        Failure   Level  Hunger
a - Sandblast             Erth           ###...       1%          1    None
b - Passwall              Tmut/Erth      ##........   3%          2    ##.....
c - Stone Arrow           Conj/Erth      ##....       8%          3    ###....


Dungeon Overview and Level Annotations

Branches:
Dungeon (3/15)

Altars:

Annotations:
D:3 othur's ghost, amateur GrBe


Innate Abilities, Weirdness & Mutations

You are small and have problems with some larger weapons.
You are carnivorous and can eat meat at any time.


Message History

Aiming: Sandblast
Press: ? - help, Shift-Dir - straight line, f/p - othur's ghost
Aim: othur's ghost The blast of sand hits othur's ghost.
Othur's ghost is lightly damaged.
b - 55 stones Othur's ghost hits you!
Casting: Sandblast
Confirm with . or Enter, or press ? or * to list all spells.
Aiming: Sandblast
Press: ? - help, Shift-Dir - straight line, f/p - othur's ghost
Aim: othur's ghost (lightly damaged)
The blast of sand hits othur's ghost.
Othur's ghost is lightly damaged.
b - 54 stones Othur's ghost hits you!
* * * LOW HITPOINT WARNING * * *
Othur's ghost hits you!
Ouch! That really hurt!
You die...

.........##.........#
...).....##.........####
...............###........
................##.... ...
............###.#... ...
.........##..##.#.####.#
.........###...........#
.........# #..<.....).##
........## #....@.....#
#......##.......W.....# #
.#####.#)..### . #....## #
#..... .. #.w...# ...
......# #... .......# #...
...>.....


You could see othur's ghost.

Vanquished Creatures
  Natasha (thrice) (D:2)
  4 adders
  A worm (D:2)
  3 leopard geckos
  3 giant cockroaches (D:2)
  2 hobgoblins
  2 jackals (D:1)
  6 kobolds
  A quokka (D:2)
  6 bats
  8 frilled lizards
  4 goblins
  A jackal skeleton (D:3)
  5 rats
49 creatures vanquished.

Notes
Turn   | Place    | Note
-------+----------+-------------------------------------------
     0 | D:1      | pstr the Kobold Earth Elementalist began the quest for the Orb.
     0 | D:1      | Reached XP level 1. HP: 10/10 MP: 3/3
   472 | D:1      | Reached XP level 2. HP: 9/15 MP: 0/5
  1224 | D:2      | Reached XP level 3. HP: 19/19 MP: 4/6
  1228 | D:2      | Learned a level 2 spell: Passwall
  1232 | D:2      | Learned a level 3 spell: Stone Arrow
  1532 | D:2      | Noticed Natasha
  1536 | D:2      | Killed Natasha
  1536 | D:2      | Reached skill level 4 in Earth Magic
  1536 | D:2      | Reached XP level 4. HP: 14/24 MP: 0/8
  2448 | D:2      | Noticed Natasha
  2457 | D:2      | Killed Natasha
  2457 | D:2      | Reached XP level 5. HP: 23/28 MP: 0/10
  3013 | D:3      | Noticed othur's ghost (amateur GrBe)
  3317 | D:2      | Noticed Natasha
  3322 | D:2      | Killed Natasha
  3387 | D:3      | Mangled by othur's ghost

Skill      XL: |  1  2  3  4  5 |
---------------+----------------+-----
Stealth        | 3 |  3.4
Earth Magic    | 4 |  4.2
Spellcasting   | 3 |  3.9
Dodging        | 3 |  3.0
Conjurations   | |  0.4
Transmutations | |  1.0

Action                   |  1- 3 |  4- 6 || total
-------------------------+-------+-------++-------
Melee: Unarmed           |     4 |       ||     4
Throw: Stone             |       |     1 ||     1
 Cast: Sandblast         |    35 |    26 ||    61
       Stone Arrow       |     2 |    29 ||    31
  Use: Potion            |       |     1 ||     1
  Eat: Chunk             |    11 |     9 ||    20
Armor: Robe              |     6 |     3 ||     9
Dodge: Dodged            |    20 |    22 ||    42
Block: Other             |       |     6 ||     6
